Map: Triton LE

Players

isword

  • Race: Protoss Protoss
  • League: Platinum
  • Spawn Location: 11:00

ViBE - Winner!

  • Race: Protoss Protoss
  • League: Diamond
  • Spawn Location: 5:00

VOD

Have the link to the VOD?

Description

Time

  • Played on: Dec. 13, 2019, 10:03 p.m.
  • Length: 7:51
Show
View Real Time Build Order
Export as new Build Order

isword Protoss 

Build Orders:  

Get SALT Encoding   

  12  0:01  Probe  
  13  0:13  Probe  
  14  0:18  Pylon  
  14  0:25  Probe  
  15  0:38  Gateway  
  15  0:43  Assimilator  
  15  0:45  Probe (Chrono Boost)  
  16  0:55  Probe (Chrono Boost)  
  17  1:00  Probe (Chrono Boost)  
  18  1:11  Probe (Chrono Boost)  
  18  1:16  Gateway  
  19  1:23  Probe (Chrono Boost), Assimilator  
  20  1:29  Cybernetics Core  
  20  1:36  Pylon  
  20  1:38  Probe  
  21  1:50  Probe  
  22  2:02  Probe  
  22  2:05  Adept (Chrono Boost)  
  22  2:06  Warp Gate  
  27  2:14  Adept (Chrono Boost)  
  27  2:15  Probe  
  28  2:27  Probe, Robotics Facility  
  29  2:42  Probe  
  30  2:48  Gateway  
  30  2:51  Gateway  
  30  3:03  Pylon  
  30  3:26  Probe  
  31  3:27  Warp Prism (Chrono Boost)  
  29  3:42  Nexus  
  29  3:43  Twilight Council  
  29  4:01  Immortal (Chrono Boost)  
  33  4:18  Stalker x2  
  33  4:19  Stalker  
  39  4:26  Blink (Chrono Boost)  
  39  4:27  Pylon  
  40  4:53  Pylon  
  39  5:06  Stalker x4  
  45  5:59  Immortal  
  45  6:02  Stalker x4  
  45  6:40  Probe x2, Immortal (Chrono Boost)  
  47  6:53  Stalker x4  
  53  7:10  Shield Battery  
  53  7:11  Shield Battery  
  53  7:13  Shield Battery  
  45  7:16  Stalker  
  45  7:17  Stalker x3  
  41  7:40  Stalker x3  
  41  7:41  Stalker  
Show
View Real Time Build Order
Export as new Build Order

ViBE Protoss - Winner!

Build Orders:  

Get SALT Encoding   

  12  0:01  Probe  
  13  0:13  Probe  
  14  0:18  Pylon  
  14  0:25  Probe  
  15  0:38  Gateway  
  15  0:44  Assimilator  
  15  0:47  Probe  
  16  0:57  Assimilator  
  16  0:59  Probe (Chrono Boost)  
  17  1:10  Probe (Chrono Boost)  
  18  1:15  Probe (Chrono Boost)  
  19  1:25  Cybernetics Core  
  19  1:28  Probe (Chrono Boost)  
  19  1:30  Pylon  
  20  1:39  Gateway  
  21  1:40  Probe  
  21  1:52  Probe  
  22  2:03  Stalker  
  22  2:04  Probe  
  25  2:08  Warp Gate  
  25  2:16  Probe  
  26  2:26  Sentry  
  26  2:28  Probe  
  29  2:35  Nexus  
  29  2:38  Pylon  
  29  2:40  Probe  
  30  2:54  Probe  
  31  2:59  Stalker x2  
  35  3:06  Probe  
  35  3:10  Pylon  
  36  3:18  Probe  
  31  3:31  Probe  
  32  3:43  Probe  
  32  3:48  Probe  
  34  3:53  Robotics Facility  
  35  3:58  Probe (Chrono Boost)  
  35  4:00  Probe (Chrono Boost)  
  36  4:09  Probe (Chrono Boost)  
  38  4:10  Probe (Chrono Boost)  
  38  4:11  Stalker x2  
  38  4:16  Probe  
  42  4:19  Probe  
  44  4:28  Probe (Chrono Boost)  
  45  4:31  Probe (Chrono Boost)  
  45  4:35  Stalker  
  45  4:36  Stalker  
  51  4:40  Probe (Chrono Boost)  
  51  4:42  Probe (Chrono Boost)  
  51  4:45  Probe (Chrono Boost)  
  52  4:46  Immortal  
  52  4:47  Probe (Chrono Boost)  
  58  4:54  Pylon  
  58  4:56  Probe  
  58  4:58  Probe  
  60  5:00  Pylon  
  60  5:08  Probe  
  60  5:10  Probe  
  60  5:12  Pylon  
  62  5:17  Stalker x2  
  62  5:20  Probe  
  67  5:22  Probe  
  67  5:25  Observer  
  68  5:28  Assimilator  
  68  5:30  Assimilator  
  68  5:32  Probe  
  68  5:33  Twilight Council  
  68  5:35  Probe  
  70  5:41  Stalker  
  70  5:42  Stalker  
  73  5:45  Probe (Chrono Boost)  
  73  5:47  Probe (Chrono Boost)  
  73  5:57  Probe (Chrono Boost)  
  73  5:59  Probe (Chrono Boost)  
  73  6:00  Immortal  
  78  6:05  Probe x2 (Chrono Boost)  
  78  6:10  Charge (Chrono Boost)  
  80  6:16  Probe  
  80  6:17  Probe  
  81  6:19  Stalker x2  
  79  6:29  Probe x2  
  79  6:41  Probe x2  
  79  6:43  Immortal  
  85  6:57  Nexus  
  85  7:00  Probe  
  86  7:17  Pylon  
  86  7:18  Pylon  
  86  7:20  Pylon  
  86  7:22  Pylon  
  86  7:30  Probe x2 (Chrono Boost)  
  82  7:39  Forge  
  82  7:41  Pylon  
  82  7:42  Probe x2 (Chrono Boost)  
  82  7:44  Pylon  
  80  7:45  Pylon  
  80  7:46  Zealot x2  
Tags
 
Add a new tag
Caveats
  • Supply blocks, unpowered buildings, or Contaminate may cause inaccurate times.
  • Supply counts are checked every 10 seconds.